 Dungeon Crawl Stone Soup version 0.20-a0-210-gd6c29eb (webtiles) character file.

85 KristoblXynda the Chucker (level 4, 0/36 HPs)
             Began as a Centaur Hunter on Nov 26, 2016.
             Slain by Natasha (5 damage)
             ... on level 2 of the Dungeon.
             The game lasted 00:02:03 (1238 turns).

KristoblXynda the Chucker (Centaur Hunter)          Turns: 1238, Time: 00:02:04

Health: 0/36       AC:  4    Str: 15    XL:     4   Next: 25%
Magic:  4/4        EV: 10    Int: 11    God:
Gold:   29         SH:  0    Dex:  9    Spells: 3/3 levels left

rFire  . . .     SeeInvis .     h - -3 mace
rCold  . . .     Gourm    .     i - +0 robe {rN+}
rNeg   + . .     Faith    .     (no shield)
rPois  .         Spirit   .     (no helmet)
rElec  .         Reflect  .     (no cloak)
rCorr  .         Harm     .     (no gloves)
MR     .....                    (no barding)
Stlth  +.........               (no amulet)
                                (no ring)
                                (no ring)

@: very quick
A: hooves 3, deformed body, speed 2, tough skin 3
a: no special abilities


You were on level 2 of the Dungeon.
You were not hungry.

You visited 1 branch of the dungeon, and saw 2 of its levels.

You collected 29 gold pieces.

Inventory:

Hand Weapons
 h - a -3 mace (weapon)
Missiles
 d - 2 throwing nets (quivered)
Armour
 i - a +0 robe of positive energy (worn)
Scrolls
 e - 2 scrolls of remove curse
Potions
 a - 2 potions of cure mutation {unknown}
 b - a potion of flight {unknown}
 g - a potion of berserk rage {unknown}
 j - a potion of magic {unknown}
Comestibles
 f - 2 bread rations
 k - a meat ration


   Skills:
 - Level 2.0 Fighting
 + Level 5.4 Throwing
 + Level 2.6 Dodging
 - Level 0.4 Stealth


You had 3 spell levels left.
You didn't know any spells.

Dungeon Overview and Level Annotations

Branches:
Dungeon (2/15)

Altars:

Annotations:
D:2 Natasha


Innate Abilities, Weirdness & Mutations

You have hooves in place of feet.
Armour fits poorly on your strangely shaped body.
You cover ground very quickly.
You have extremely tough skin. (AC +3)


Message History

Natasha misses you.
The crimson imp hits you but does no damage.
You barely miss Natasha.
Natasha is almost dead.
Natasha barely misses you. The crimson imp barely misses you.
Natasha mumbles some strange words.
You hit Natasha but do no damage. You kick Natasha, but do no damage.
Natasha is almost dead.
The crimson imp hits you but does no damage.
Natasha claws you!
The white imp laughs crazily.
The crimson imp closely misses you.
You closely miss Natasha. Your kick misses Natasha.
Natasha is almost dead.
Natasha stares at you and mumbles some strange words.
The magic dart hits you!
* * * LOW HITPOINT WARNING * * *
The crimson imp hits you but does no damage.
Natasha claws you.
You die...

# #..........#..
#.#..........#..
.#.##.#..........#..
.................'..
......#..........#..
#######.h...##+###..
...........# ###
##########....#
#.>.5@h5.'.(..#
#.########....#
#....# #....#
....... ######....
..... #####


You could see Natasha, a crimson imp and a white imp.

Vanquished Creatures
  Natasha (twice) (D:2)
  An adder (D:2)
  An ooze (D:1)
  A leopard gecko (D:1)
  A giant cockroach (D:1)
  A goblin (D:1)
  3 hobgoblins
  3 jackals (D:1)
  2 bats
  2 frilled lizards
  3 kobolds (D:1)
  2 rats (D:1)
22 creatures vanquished.

Notes
Turn   | Place    | Note
-------+----------+-------------------------------------------
     0 | D:1      | KristoblXynda the Centaur Hunter began the quest for the Orb.
     0 | D:1      | Reached XP level 1. HP: 17/17 MP: 1/1
   457 | D:1      | Reached XP level 2. HP: 13/24 MP: 2/2
  1059 | D:2      | Noticed Natasha
  1061 | D:2      | Killed Natasha
  1061 | D:2      | Reached skill level 5 in Throwing
  1061 | D:2      | Reached XP level 3. HP: 24/29 MP: 3/3
  1143 | D:2      | Noticed Natasha
  1154 | D:2      | Killed Natasha
  1154 | D:2      | Reached XP level 4. HP: 20/36 MP: 4/4
  1212 | D:2      | Noticed Natasha
  1238 | D:2      | Slain by Natasha

Vault maps used:
D:1:      dpeg_arrival_rooms_b
D:2:      uniq_natasha

Skill      XL: |  1  2 |
---------------+-------+-----
Dodging        | 2 |  2.6
Throwing       | 5 |  5.4
Fighting       | |  2.0
Stealth        | |  0.4

Action                   |  1- 3 |  4- 6 || total
-------------------------+-------+-------++-------
Melee: Short sword       |    22 |       ||    22
       Mace              |    87 |     8 ||    95
       Kick              |    15 |     2 ||    17
Throw: Javelin           |     8 |     6 ||    14
  Use: Scroll            |     3 |       ||     3
  Eat: Beef jerky        |       |     1 ||     1
Armor: Robe              |    51 |     4 ||    55
       Leather armour    |     6 |       ||     6
Dodge: Dodged            |    92 |     8 ||   100
